Match 28912190
Unlisted

Match 28912190
End
Pioneer Squad
Construct Infanterie Kompanie
Grenadier Squad
MG 42 Machine Gun Team
Grenadier Squad
Construct Panzergrenadier Kompanie
251 Medium Carrier
Pak 40 Anti-tank Gun Team
Panzergrenadier Officer Quarters
Panzergrenadier Squad
Selects Mechanized Battlegroup
Selects Raid Package
Selects 8 Rad Armored Car
Selects UNKNOWN (2160084)
Medical Bunker
Pak 40 Anti-tank Gun Team
Construct Panzer Kompanie
Stoßtruppen Squad
Sturmpanzer IV Brummbär
Selects Spotting Scopes
Selects Stoßtruppen Assault Package
Selects Mechanized Assault
Panzergrenadier Squad
Panther Heavy Tank
Mechanized Assault
detritus executive officer
RtN.momo4sho
Ruby
HulkSMASH
0
0

Comments sign in to comment!

No comments posted yet!